 Dungeon Crawl Stone Soup version 0.30.0-10-gfe55d96785 (webtiles) character file.

Game seed: 18032310275705119582

9 Cheops the Conjurer (level 2, 0/25 (26) HPs)
             Began as a Naga Reaver on May 15, 2023.
             Slain by an adder (1 damage)
             ... on level 1 of the Dungeon.
             The game lasted 00:02:54 (620 turns).

Cheops the Conjurer (Naga Reaver)                    Turns: 620, Time: 00:02:54

HP:   0/25 (26)     AC:  2    Str: 14    XL:     2   Next: 16%
MP:   5/5           EV:  9    Int: 13    God:
Gold: 0             SH:  0    Dex:  9    Spells: 2/5 levels left

rFire   . . .        a - +0 falchion
rCold   . . .        (no shield)
rNeg    . . .        b - +0 leather armour
rPois   +            (no helmet)
rElec   .            (no cloak)
rCorr   .            (no gloves)
SInv    +            (no barding)
Will    .....        (no amulet)
Stlth   +            (no ring)
HPRegen 0.24/turn    (no ring)
MPRegen 0.09/turn

%: no passive effects
@: brilliant, lightly drained, very slow
A: AC +0, large, see invisible, deformed body, poison resistance, slowness 2,
spit poison 1, naga tail 1
a: Spit Poison


You were on level 1 of the Dungeon.
You visited 1 branch of the dungeon, and saw 2 of its levels.

You collected 55 gold pieces.
You spent 55 gold pieces at shops.

Inventory:

Hand Weapons
 a - a +0 falchion (weapon)
Armour
 b - a +0 leather armour (worn)
Scrolls
 d - a scroll of silence {unknown}
 g - a scroll of blinking
 h - a scroll of magic mapping
 i - a scroll of brand weapon
 n - 2 scrolls of teleportation
Potions
 c - a potion of flight {unknown}
 e - a potion of brilliance
 j - a potion of mutation {unknown}
 k - 2 potions of haste {unknown}
 l - a potion of curing {unknown}
 m - 2 potions of attraction {unknown}


   Skills:
 - Level 2.0 Fighting
 - Level 3.0 Long Blades
 - Level 1.5 Dodging
 - Level 2.0 Spellcasting
 - Level 3.0 Conjurations
 + Level 1.5 Necromancy


You had 2 spell levels left.
You knew the following spells:

 Your Spells              Type           Power      Damage    Failure   Level
a - Kiss of Death         Conj/Necr      40%        2d8       13%         1
b - Momentum Strike       Conj/Tloc      14%        3d8       26%         2

Your spell library contained the following spells:

 Spells                   Type           Power      Damage    Failure   Level
 Hailstorm                Conj/Ice       7%         3d4       45%         3


Dungeon Overview and Level Annotations

Branches:
Dungeon (2/15)

Altars:

Shops:
D:1 ?


Innate Abilities, Weirdness & Mutations

Your serpentine skin is tough. (AC +0)
You have supernaturally acute eyesight. (SInv)
Armour fits poorly on your strangely shaped body.
Your system is resistant to poisons. (rPois)
You cover ground very slowly.
You can spit poison.
You have a snake-like lower body.


Message History

You are no longer poisoned.
The adder bites you.
* * * LOW HITPOINT WARNING * * *
You barely miss the adder.
The adder is moderately wounded.
The adder closely misses you. The adder bites you.
* * * LOW HITPOINT WARNING * * *
You closely miss the adder.
The adder is heavily wounded.
The adder looks more healthy.
The adder bites you.
* * * LOW HITPOINT WARNING * * *
You barely miss the adder.
The adder is heavily wounded.
The adder bites you.
* * * LOW HITPOINT WARNING * * *
The adder bites you.
* * * LOW HITPOINT WARNING * * *
You closely miss the adder.
The adder is heavily wounded.
You have got your breath back.
The adder closely misses you.
You closely miss the adder.
The adder is heavily wounded.
The adder barely misses you. x2
You miss the adder.
The adder is heavily wounded.
The adder bites you but does no damage.
You hit the adder.
The adder is severely wounded.
The adder barely misses you.
You closely miss the adder.
The adder is severely wounded.
The adder bites you.
* * * LOW HITPOINT WARNING * * *
The adder bites you.
* * * LOW HITPOINT WARNING * * *
It was a potion of brilliance.
You feel clever all of a sudden. The adder bites you.
You die...

#...# #...# #...#
#.#.### #..†#
#.#...# #...#
#.###.# # #...#
#.# #.# # #...#
#.# #.#### # #...#
#.###....#
###...###......#.#
................@#
###...######.#.S.#
# #.......##.#...#
####.##.##.###.#
#....##.##.#...#
#....##.......##
#...######.#.##
##.##..)...#.#
#.##.#.##...#


You could see an adder.

Vanquished Creatures
  A ball python (D:2)
  2 endoplasms (D:1)
  A giant cockroach (D:1)
  A hobgoblin (D:1)
  A kobold (D:1)
  A bat (D:1)
  A rat (D:1)
8 creatures vanquished.

Notes
Turn   | Place    | Note
-------+----------+-------------------------------------------
     0 | D:1      | Cheops the Naga Reaver began the quest for the Orb.
     0 | D:1      | Reached XP level 1. HP: 19/19 MP: 3/3
   190 | D:1      | Reached skill level 1 in Necromancy
   359 | D:1      | Reached XP level 2. HP: 22/25 MP: 5/5
   429 | D:1      | Found Vuje's Magic Scroll Shop.
   449 | D:1      | Bought a scroll of teleportation for 33 gold pieces
   497 | D:1      | Bought a scroll of identify for 22 gold pieces
   566 | D:2      | Learned a level 2 spell: Momentum Strike
   619 | D:1      | HP: 1/25 [adder (2)]
   620 | D:1      | Slain by an adder

Illustrated notes

Levels and vault maps discovered:
D:1:      dreamdust_arrival_sigmund_warning, layout_basic, serial_shops, shop,
          st_stairs_14, dreamdust_princess_corridor
D:2:      layout_basic, minmay_misc_feat_columns, uniq_terence

Skill      XL: |  1 |
---------------+----+-----
Necromancy     | 1 |  1.5
Fighting       | |  2.0
Long Blades    | |  3.0
Dodging        | |  1.5
Spellcasting   | |  2.0
Conjurations   | |  3.0

Action                     || total
---------------------------++-------
  Melee: Falchion          ||    50
   Cast: Kiss of Death     ||     1
Ability: Spit Poison       ||     4
    Use: Scroll            ||     4
         Potion            ||     1
 Armour: Leather armour    ||    16
  Dodge: Dodged            ||    37
